 Dungeon Crawl Stone Soup version 0.14.0-20-g75a2fc2 (webtiles) character file.

13222 scatmanjohn2 the Grappler (level 11, -2/94 HPs)
             Began as a Ghoul Monk on Apr 20, 2014.
             Was a High Priest of Okawaru.
             Slain by a griffon zombie (11 damage)
             ... on Level 10 of the Dungeon.
             The game lasted 01:26:32 (11944 turns).

scatmanjohn2 the Grappler (Ghoul Monk)             Turns: 11944, Time: 01:26:33

HP  -2/94        AC  5     Str 18      XL: 11   Next: 97%
MP  18/18        EV 19     Int  4 (5)  God: Okawaru [*****.]
Gold 522         SH  0     Dex 12      Spells:  0 memorised, 14 levels left

rFire  + . .     SeeInvis .     R - -2,+0 mace (curse)
rCold  + . .     Clarity  .     A - +2 leather armour {rPois}
rNeg   + + +     Conserve .     (no shield)
rPois  +         rCorr    .     c - -1 hat {MR+}
rElec  .         rRot     +     (no cloak)
SustAb . .       Spirit   .     f - -1 pair of gloves
rMut   .         Warding  .     (no boots)
Saprov + + +     Stasis   .     (no amulet)
MR     +++..                    K - ring of protection from magic
                                w - ring "Daifiut" {rF+ MR+ Stlth++}

@: studying Maces & Flails, rotting, heroism, extremely resistant to hostile
enchantments, extremely stealthy
A: rotting body, claws 1, carnivore 3, cold resistance 1, life protection 3,
poison resistance, saprovore 3, slow healing 1, torment resistance, unbreathing
a: Heroism, Finesse, Renounce Religion


You were on level 10 of the Dungeon.
You worshipped Okawaru.
Okawaru was extremely pleased with you.
You were not hungry.

You visited 5 branches of the dungeon, and saw 17 of its levels.

You collected 1413 gold pieces.
You spent 891 gold pieces at shops.

Inventory:

Hand weapons
 e - a +4,+3 trident of dragon slaying
 m - a +0,+1 quarterstaff of protection
 I - a +1,+2 sling
 L - a +0,+0 morningstar of draining
 N - a +0,+2 flail of draining
 O - a +0,+1 dagger of flaming
 R - a cursed -2,+0 mace (weapon)
Missiles
 H - 36 sling bullets
 J - 2 silver javelins (quivered)
Armour
 c - a -1 hat of magic resistance (worn)
 f - a -1 pair of gloves (worn)
 i - a +1 robe
 j - a +1 chain mail of cold resistance
 A - a +2 leather armour of poison resistance (worn)
 M - a +0 chain mail of cold resistance
 Q - a +1 leather armour of poison resistance
Magical devices
 d - a wand of magic darts (7)
 h - a wand of cold (12) {unknown}
 r - a wand of digging (1)
 v - a wand of magic darts (9)
 B - a wand of paralysis (16)
 E - a wand of fire (7) {unknown}
Scrolls
 a - a scroll of amnesia
 t - a scroll of fog
 x - 3 scrolls of teleportation
 y - 2 scrolls of enchant weapon II
 z - 3 scrolls of immolation
Jewellery
 l - an uncursed ring of invisibility
 n - a cursed ring of teleportation
 o - an uncursed ring of ice
 q - an uncursed ring of flight
 u - an uncursed ring of protection from cold
 w - the ring "Daifiut" (left hand) {rF+ MR+ Stlth++}
   (You bought it in a shop on level 2 of the Orcish Mines)

   [ring of protection from fire]

   It affects your resistance to hostile enchantments.
   It makes you much more stealthy.
 K - a ring of protection from magic (right hand)
Potions
 b - 2 potions of brilliance
 g - a potion of flight
 p - 2 potions of magic
 s - a potion of poison
 D - a potion of restore abilities
Books
 C - a book of Callings

   Spells                             Type                      Level
   Summon Small Mammal                Summoning                    1
   Call Imp                           Summoning                    2
   Call Canine Familiar               Summoning                    3
   Summon Guardian Golem              Hexes/Summoning              4
   Summon Lightning Spire             Summoning/Air                4
   Summon Ice Beast                   Ice/Summoning                4
 G - a book of Changes

   Spells                             Type                      Level
   Beastly Appendage                  Transmutation                1
   Sticks to Snakes                   Transmutation                2
   Spider Form                        Transmutation/Poison         3
   Ice Form                           Ice/Transmutation            4
   Blade Hands                        Transmutation                5
 P - a manual of Maces & Flails
Miscellaneous
 k - a plain deck of escape


   Skills:
 + Level 8.2(13.2) Fighting
 + Level 3.8(8.8) Throwing
 + Level 3.3(8.3) Armour
 + Level 9.3(14.3) Dodging
 + Level 6.6(11.6) Stealth
 + Level 11.6(16.6) Unarmed Combat
 + Level 2.2 Spellcasting
   Level 3.3 Necromancy
 + Level 5.8 Invocations
 + Level 1.1 Evocations


You had 14 spell levels left.
You didn't know any spells.

Dungeon Overview and Level Annotations

Branches:
Dungeon (10/15)            Temple (1/1) D:4             Orc (4/4) D:9
    Elf (1/3) Orc:3          Lair (1/8) D:8

Altars:
Ashenzari
Cheibriados
Dithmenos
Elyvilon
Fedhas
Kikubaaqudgha
Makhleb
Nemelex Xobeh
Okawaru
Sif Muna
Trog
Vehumet
Xom
Yredelemnul
Zin
The Shining One
Beogh

Shops:
D:9 (   Orc:2 [[=*(

Annotations:
Orc:1 exclusion: oklob plant


Innate Abilities, Weirdness & Mutations

Your body is rotting away.
You have sharp fingernails.
You are carnivorous and can eat meat at any time.
Your flesh is cold resistant.
You are immune to negative energy.
Your system is resistant to poisons.
You thrive on rotten meat.
You heal slowly when monsters are visible.
You are immune to unholy pain and torment.
You can survive without breathing.


Message History

* * * LOW HITPOINT WARNING * * *
The griffon zombie closely misses you.
The griffon zombie claws you but does no damage.
You hit the griffon zombie but do no damage.
The griffon zombie bites you!
* * * LOW HITPOINT WARNING * * *
The griffon zombie pecks you.
* * * LOW HITPOINT WARNING * * *
The griffon zombie closely misses you.
Drink which item? (? for menu, Esc to quit)
Okay, then.
You don't know any spells.
Evoke which item? (* to show all) (? for menu, Esc to quit)
Zapping:
B - a wand of paralysis {recharged}
Press: ? - help, Shift-Dir - straight line, f - griffon zombie
Aim: a griffon zombie The griffon zombie resists with significant effort.
There is a stone staircase leading up here.
The griffon zombie bites you!
You die...

.......
.......##
........####
.......%..#.###
.......$......#
...##.##)....##
#.....##
####Z.....#
#...@.....#
#........##...#
........# #.##
......... ##
#........
.........
........
<..#.... #..


You could see a griffon zombie.

Vanquished Creatures
  An orc warlord (Orc:2)
  Gastronok (D:8)
  An ettin (Orc:2)
  An ogre mage (Orc:4)
  An orc sorcerer (Orc:2)
  An orc knight (Orc:3)
  Joseph (D:9)
  A two-headed ogre (D:8)
  Eustachio (D:9)
  Grum (D:9)
  A deep elf mage (D:10)
  A hungry ghost (D:8)
  A hill giant skeleton (D:8)
  2 wolves (D:9)
  16 orc warriors
  4 wargs
  A sky beast (D:8)
  2 water moccasins
  16 ogres
  2 black bears
  2 phantoms
  5 centaurs
  5 giant frogs
  A water moccasin zombie (D:8)
  A killer bee (D:8)
  4 wights (D:9)
  A scorpion (D:8)
  A vampire bat (Orc:2)
  2 crimson imps
  17 orc wizards
  2 giant frog skeletons (D:5)
  9 orc priests
  4 hounds
  2 jellies
  An iguana (D:5)
  2 worker ants
  Ijyb (D:2)
  13 adders
  A giant mite (D:4)
  A shadow imp (D:9)
  A worm (D:3)
  2 iguana skeletons
  3 giant eyeballs
  104 orcs
  6 giant cockroaches
  9 goblins
  12 hobgoblins
  7 jackals
  10 kobolds
  3 quokkas
  2 ball pythons
  27 bats
  A giant gecko (D:2)
  3 giant newts
  A giant spore (D:9)
  A hobgoblin skeleton (D:8)
  A hobgoblin zombie (D:8)
  An orc zombie (D:6)
  A quokka skeleton (D:8)
  17 rats
343 creatures vanquished.

Vanquished Creatures (others)
  A goblin (D:2)
1 creature vanquished.

Grand Total: 344 creatures vanquished

Notes
Turn   | Place    | Note
--------------------------------------------------------------
     0 | D:1      | scatmanjohn2, the Ghoul Monk, began the quest for the Orb.
     0 | D:1      | Reached XP level 1. HP: 19/19 MP: 1/1
   228 | D:1      | Reached XP level 2. HP: 23/25 MP: 2/2
   805 | D:2      | Noticed Ijyb
   822 | D:2      | Killed Ijyb
   822 | D:2      | Reached skill level 5 in Unarmed Combat
   822 | D:2      | Reached XP level 3. HP: 22/31 MP: 3/3
  1065 | D:2      | Found a radiant altar of Vehumet.
  1145 | D:2      | Reached XP level 4. HP: 35/40 MP: 3/3
  1680 | D:3      | Reached XP level 5. HP: 46/46 MP: 4/4
  1902 | D:3      | Paralysed by a giant eyeball for 2 turns
  2270 | D:4      | Found a staircase to the Ecumenical Temple.
  2592 | D:4      | Noticed an ogre
  2621 | D:4      | Killed an ogre
  2621 | D:4      | Reached XP level 6. HP: 9/52 MP: 5/5
  2924 | Temple   | Entered the Ecumenical Temple
  2954 | Temple   | Became a worshipper of Warmaster Okawaru
  2954 | Temple   | Acquired Okawaru's first power
  3134 | D:4      | Reached skill level 6 in Unarmed Combat
  3418 | D:5      | Entered Level 5 of the Dungeon
  3530 | D:5      | Paralysed by a giant eyeball for 2 turns
  3536 | D:5      | Paralysed by a giant eyeball for 4 turns
  3621 | D:5      | Found a bloodstained altar of Trog.
  3688 | D:5      | Reached XP level 7. HP: 53/59 MP: 5/5
  3717 | D:5      | Reached skill level 5 in Dodging
  3807 | D:5      | Learned a level 4 spell: Animate Dead
  4229 | D:5      | Reached skill level 1 in Necromancy
  4753 | D:6      | Reached skill level 7 in Unarmed Combat
  4753 | D:6      | Reached skill level 1 in Spellcasting
  4753 | D:6      | Reached XP level 8. HP: 26/67 MP: 4/8
  4914 | D:7      | Found a blossoming altar of Fedhas.
  4927 | D:7      | Noticed a hill giant
  5303 | D:8      | Reached skill level 8 in Unarmed Combat
  5550 | D:8      | Found a bloodstained altar of Trog.
  5710 | D:8      | Found a staircase to the Lair.
  5836 | D:8      | Found an ancient bone altar of Kikubaaqudgha.
  5984 | D:8      | Reached skill level 5 in Fighting
  6077 | Lair:1   | Entered Level 1 of the Lair of Beasts
  6077 | Lair:1   | Noticed a komodo dragon
  6127 | D:8      | Reached skill level 1 in Invocations
  6127 | D:8      | Reached XP level 9. HP: 62/74 MP: 13/13
  6133 | D:8      | Noticed a two-headed ogre
  6150 | D:8      | Killed a two-headed ogre
  6240 | D:8      | Reached skill level 1 in Armour
  6282 | D:8      | Noticed Gastronok
  6504 | D:8      | Reached skill level 9 in Unarmed Combat
  6703 | D:8      | Killed Gastronok
  6703 | D:8      | Reached skill level 1 in Evocations
  6703 | D:8      | Reached XP level 10. HP: 47/84 MP: 13/13
  7194 | D:9      | Found a shattered altar of Ashenzari.
  7211 | D:9      | Noticed Eustachio
  7214 | D:9      | Found a staircase to the Orcish Mines.
  7219 | D:9      | Killed Eustachio
  7275 | D:9      | Reached skill level 10 in Unarmed Combat
  7396 | D:9      | Found Ushregez's Antique Weapon Boutique.
  7592 | D:9      | Noticed Grum
  7610 | D:9      | Killed Grum
  7779 | D:9      | Reached skill level 1 in Throwing
  7878 | D:9      | Noticed Joseph
  7888 | D:9      | Killed Joseph
  7888 | D:9      | Reached skill level 5 in Stealth
  8222 | Orc:1    | Entered Level 1 of the Orcish Mines
  8260 | Orc:1    | Acquired Okawaru's second power
  8393 | Orc:1    | Found a roughly hewn altar of Beogh.
  8562 | Orc:1    | Noticed an oklob plant
  8885 | Orc:2    | Found Fuebratt's General Store.
  8916 | Orc:2    | Reached XP level 11. HP: 57/92 MP: 15/15
  8934 | Orc:2    | Noticed an ettin
  8955 | Orc:2    | Killed an ettin
  9062 | Orc:2    | Bought a plain deck of escape for 140 gold pieces
  9062 | Orc:2    | Bought an uncursed ring of protection from magic for 250 gold pieces
  9062 | Orc:2    | Bought a scroll of teleportation for 30 gold pieces
  9062 | Orc:2    | Bought a scroll of identify for 20 gold pieces
  9073 | Orc:2    | Found Zeunamuc's Jewellery Emporium.
  9099 | Orc:2    | Found Qeedag's Armour Boutique.
  9251 | Orc:2    | Noticed an orc warlord
  9272 | Orc:2    | Found Musha's Armour Boutique.
  9289 | Orc:2    | Found Cleiclah's Weapon Emporium.
  9447 | Orc:2    | Bought the ring "Daifiut" {rF+ MR+ Stlth++} for 451 gold pieces
  9605 | Orc:2    | Killed an orc warlord
  9605 | Orc:2    | Reached skill level 11 in Unarmed Combat
  9863 | Orc:2    | Found a bloodstained altar of Trog.
  9864 | Orc:2    | Noticed an orc sorcerer
  9877 | Orc:2    | Killed an orc sorcerer
  9965 | Orc:3    | Found a staircase to the Elven Halls.
  9984 | Elf:1    | Entered Level 1 of the Elven Halls
 10047 | Orc:4    | Entered Level 4 of the Orcish Mines
 10777 | Orc:4    | Noticed an ogre mage
 10798 | Orc:4    | Killed an ogre mage
 10798 | Orc:4    | Reached skill level 5 in Invocations
 11160 | Orc:3    | Noticed an orc knight
 11188 | Orc:3    | Killed an orc knight
 11296 | Orc:4    | Noticed an orc high priest
 11297 | Orc:4    | Noticed an orc high priest
 11297 | Orc:4    | Noticed an orc high priest
 11298 | Orc:4    | Noticed an orc knight
 11298 | Orc:4    | Noticed an orc knight
 11298 | Orc:4    | Noticed an orc knight
 11298 | Orc:4    | Noticed an orc knight
 11911 | D:10     | Entered Level 10 of the Dungeon
 11944 | D:10     | Slain by a griffon zombie

Action                   |  1- 3 |  4- 6 |  7- 9 | 10-12 || total
-------------------------+-------+-------+-------+-------++-------
Melee: Unarmed           |    89 |   189 |   333 |   522 ||  1133
       Whip              |       |    32 |       |       ||    32
       Mace              |       |       |       |    22 ||    22
       Flail             |       |       |       |    18 ||    18
       Quarterstaff      |       |       |       |     3 ||     3
Throw: Dart              |       |     4 |       |       ||     4
       Javelin           |       |     5 |       |    61 ||    66
Invok: Heroism           |       |       |    12 |    32 ||    44
       Finesse           |       |       |       |     6 ||     6
Evoke: Wand              |       |       |     2 |     3 ||     5
  Use: Scroll            |     1 |     8 |    10 |     4 ||    23
       Potion            |       |     3 |     6 |     1 ||    10
 Stab: Sleeping          |     2 |     2 |       |     5 ||     9
       Distracted        |       |       |     1 |     1 ||     2
       Paralysed         |       |       |       |     7 ||     7
